 Dungeon Crawl Stone Soup version 0.30-a0-719-gcc4359ea44 (webtiles) character file.

Game seed: 6007438752808414487

8262 Dirtsage the Transmogrifier (level 11, -5/81 HPs)
             Began as an Octopode Transmuter on Jan 26, 2023.
             Was a Priest of the Shining One.
             Slain by a death yak (25 damage)
             ... on level 1 of the Lair of Beasts.
             The game lasted 00:27:25 (9682 turns).

Dirtsage the Transmogrifier (Octopode Transmuter)   Turns: 9682, Time: 00:27:25

Health: -5/81      AC: 11    Str:  9    XL:     11   Next: 28%
Magic:  6/17       EV: 10    Int: 21    God:    the Shining One [***...]
Gold:   501        SH:  8    Dex: 12    Spells: 3/18 levels left

rFire   x . .      SeeInvis .      - Unarmed
rCold   + + +      Faith    .    (shield currently unavailable)
rNeg    + . .      Spirit   .    (helmet currently unavailable)
rPois   +          Reflect  .    e - amulet of regeneration
rElec   .          Harm     .    C - ring of resist corrosion
rCorr   +          Rampage  .    (no ring)
Will    .....                    (no ring)
Stlth   +                        (no ring)
HPRegen 1.13/turn                (no ring)
MPRegen 0.15/turn                (no ring)
                                 (no ring)
                                 (no ring)

@: divinely shielded, ice-form, wereblooded, freezing walls, hasted, glowing,
very quick
A: freezing attack, boosted hp, almost no armour, amphibious, 8 rings, large,
(camouflage 1), (gelatinous body 1), (nimble swimmer 1), (tentacles)
a: End Transformation, Renounce Religion, Divine Shield, Cleansing Flame


You were on level 1 of the Lair of Beasts.
You worshipped the Shining One.
The Shining One was most pleased with you.
You were a creature of crystalline ice.
You visited 3 branches of the dungeon, and saw 11 of its levels.

You collected 591 gold pieces.
You spent 90 gold pieces at shops.

Inventory:

Missiles
 x - a throwing net
Magical Staves
 r - a staff of cold (melded)
Jewellery
 e - an amulet of regeneration (around neck)
 v - an amulet of faith
 C - a ring of resist corrosion (left front paw)
Wands
 D - a wand of digging (2)
Scrolls
 d - 2 scrolls of vulnerability
 i - a scroll of identify
 j - a scroll of silence
 k - a scroll of brand weapon {unknown}
 m - a scroll of fog {unknown}
 p - 2 scrolls of magic mapping {unknown}
 s - 2 scrolls of poison {unknown}
 t - 7 scrolls of teleportation
 w - 3 scrolls of immolation {unknown}
 y - a scroll of acquirement {unknown}
 A - a scroll of fear {unknown}
 B - a scroll of blinking
Potions
 a - a potion of lignification
 b - a potion of magic
 c - 2 potions of brilliance
 f - 3 potions of flight
 g - a potion of berserk rage
 h - 4 potions of haste
 l - 3 potions of heal wounds
 n - 2 potions of ambrosia
 o - 2 potions of degeneration
 q - 4 potions of curing
 u - a potion of cancellation
 z - a potion of attraction


   Skills:
 + Level 3.9 Fighting
 - Level 2.0 Dodging
 + Level 7.4 Unarmed Combat
 - Level 4.0 Spellcasting
 + Level 4.9 Conjurations
 - Level 8.0 Transmutations
 - Level 8.0 Ice Magic
 * Level 7.0 Air Magic
 - Level 4.6 Invocations


You had 3 spell levels left.
You knew the following spells:

 Your Spells              Type           Power      Damage    Failure   Level
a - Ice Form              Ice/Tmut       37%        N/A       4%          4
b - Wereblood             Tmut           37%        N/A       1%          2
c - Frozen Ramparts       Ice            74%        1d12      1%          3
d - Beastly Appendage     Tmut           74%        N/A       1%          1
e - Freezing Cloud        Conj/Ice/Air   16%        6-21      22%         5

Your spell library contained the following spells:

 Spells                   Type           Power      Damage    Failure   Level
 Passwall                 Tmut/Erth      17%        N/A       3%          2
 Foxfire                  Conj/Fire      56%        2x1d6     4%          1
 Momentum Strike          Conj/Tloc      28%        3d8       7%          2
 Spider Form              Tmut/Pois      21%        N/A       7%          3
 Apportation              Tloc           8%         N/A       12%         1
 Necrotise                Necr           16%        1d4       12%         1
 Summon Small Mammal      Summ           16%        N/A       12%         1
 Blink                    Tloc           8%         N/A       19%         2
 Lesser Beckoning         Tloc           8%         N/A       19%         2
 Sublimation of Blood     Necr           4%         N/A       19%         2
 Summon Lightning Spire   Summ/Air       19%        N/A       28%         4
 Arcjolt                  Conj/Air       14%        1d24      28%         5
 Flame Wave               Conj/Fire      14%        2d6       41%         4
 Sticky Flame             Conj/Fire      14%        2d4       41%         4
 Leda's Liquefaction      Hex/Erth       2%         N/A       75%         4
 Manifold Assault         Tloc           4%         N/A       75%         4
 Fireball                 Conj/Fire      7%         3d5       77%         5
 Simulacrum               Ice/Necr       10%        N/A       98%         6
 Storm Form               Tmut/Air       17%        N/A       99%         7
 Starburst                Conj/Fire      7%         6d4       100%        6
 Summon Hydra             Summ           2%         N/A       100%        7
 Polar Vortex             Ice            18%        N/A       100%        9


Dungeon Overview and Level Annotations

Branches:
Dungeon (9/15)             Temple (1/1) D:6            Lair (1/5) D:8
    Orc (0/2) D:9

Altars:
Ashenzari
Cheibriados
Dithmenos
Elyvilon
Fedhas
Gozag
Hepliaklqana
Kikubaaqudgha
Makhleb
Nemelex Xobeh
Okawaru
Qazlal
Ru
Sif Muna
Trog
Uskayaw
Vehumet
Wu Jian
Xom
Yredelemnul
Zin
The Shining One

Shops:
D:1 ?   D:4 :

Annotations:
D:3 2 runed translucent doors, kae's ghost, amateur DsTm
D:9 2 exclusions


Innate Abilities, Weirdness & Mutations

You are a creature of crystalline ice.
You have a powerful freezing melee attack.
Your maximum health is increased.
Your armour is entirely melded.
You are incapable of wielding weapons or throwing items.
You cannot wear most types of armour.
You are amphibious.
You can wear up to eight rings at the same time.
((Your skin changes colour to match your surroundings (Stealth+).))
((Your rubbery body absorbs attacks. (AC +1, EV +1)))
((You are camouflaged when in or above water. (Stealth+)))
((You have tentacles for arms and can constrict up to eight enemies at once.))


Message History

The wall freezes the death yak but does no damage.
You feel yourself speed up.
The wall freezes the death yak. x2
The wall freezes the death yak but does no damage.
The death yak gores you but does no damage.
The wall freezes the death yak.
You hit the death yak. You freeze the death yak.
The death yak is moderately wounded.
The wall freezes the death yak.
The wall freezes the death yak but does no damage.
The wall freezes the death yak.
The death yak gores you!!
The wall freezes the death yak.
You take 17 damage, and have 44/81 hp.
MASSIVE DAMAGE!!
You hit the death yak. You freeze the death yak.
The death yak is moderately wounded.
You hit the death yak. You freeze the death yak.
The death yak is heavily wounded.
The wall freezes the death yak but does no damage. x2
The wall freezes the death yak.
The death yak gores you!
The wall freezes the death yak.
You take 6 damage, and have 38/81 hp.
You hit the death yak but do no damage.
The death yak is heavily wounded.
You punch the death yak! You freeze the death yak.
The death yak is heavily wounded.
The wall freezes the death yak!
The wall freezes the death yak. x2
You block the death yak's attack.
The wall freezes the death yak!
You hit the death yak. You freeze the death yak.
The death yak is severely wounded.
You punch the death yak! You freeze the death yak.
The death yak is almost dead.
The wall freezes the death yak. x2; The wall freezes the death yak!
The death yak gores you!!
* * * LOW HITPOINT WARNING * * *
The wall freezes the death yak but does no damage.
You take 21 damage, and have 19/81 hp.
MASSIVE DAMAGE!!
You hit the death yak. You freeze the death yak.
The death yak is almost dead.
The wall freezes the death yak but does no damage. x3
The death yak gores you!!
You die...

###'## ######'####.######+##
.....### #..^.....###........#
.....'.###........'.#........#
.....#...P.)......#.'........#
.....###.'........###........#
+##### ###......Y..####..##.##
.# #.....YYY## #####.## .#
#######Y## #...# .# ####Y#
#..## .# ###....# #..# .#
###...#### ##.## .# ###
##.#+#.##### #####.'#.# #
.###.###.........P###.#......#
##
.......'.........'.....##..#.#
#.
...####...........####.+.....#
#. .### ##.........##
###.##..+... .# #####+#.### #.
..###.


You could see 5 death yaks.

Vanquished Creatures
  A cane toad (Lair:1)
  A komodo dragon (Lair:1)
  3 blink frogs (Lair:1)
  17 yaks
  Grum (D:8)
  2 steam dragons
  Edmund (D:5)
  A water moccasin (D:6)
  3 orc warriors
  2 sky beasts
  A black bear (Lair:1)
  10 wolves
  3 ogres
  3 centaurs
  Blork the orc (D:5)
  A bullfrog (D:7)
  2 gnoll sergeants
  3 necrophages
  4 scorpions
  4 wights (D:9)
  3 killer bees (D:9)
  3 howler monkeys
  6 hounds
  7 orc priests
  2 jellies
  5 iguanas
  Ijyb (D:5)
  Terence (D:2)
  6 orc wizards
  8 gnolls
  8 adders
  A shadow imp (D:8)
  A white imp (D:5)
  3 ufetubi
  3 worms
  3 dart slugs
  31 orcs
  10 ball pythons
  6 endoplasms
  5 giant cockroaches
  20 hobgoblins
  2 jackals (D:2)
  4 quokkas
  7 bats
  4 frilled lizards
  6 goblins
  5 kobolds
  2 rats
227 creatures vanquished.

Vanquished Creatures (others)
  3 fungi (Lair:1)
  2 plants (Lair:1)
5 creatures vanquished.

Grand Total: 232 creatures vanquished

Notes
Turn   | Place    | Note
-------+----------+-------------------------------------------
     0 | D:1      | Dirtsage the Octopode Transmuter began the quest for the
                  | Orb.
     0 | D:1      | Reached XP level 1. HP: 13/13 MP: 3/3
   104 | D:1      | Reached skill level 1 in Ice Magic
   104 | D:1      | Reached XP level 2. HP: 10/18 MP: 3/5
   107 | D:1      | Learned a level 2 spell: Wereblood
   381 | D:1      | Found Ximi's Magic Scroll Emporium.
   386 | D:1      | Got the Vademecum on Metal and Algor
   475 | D:1      | Reached XP level 3. HP: 18/23 MP: 6/6
  1140 | D:2      | Noticed Terence
  1158 | D:2      | Killed Terence
  1159 | D:2      | Reached XP level 4. HP: 28/28 MP: 7/7
  1182 | D:2      | Learned a level 4 spell: Ice Form
  1198 | D:2      | Got the Omnibus of Hot Anemomancy
  1730 | D:3      | Found a glowing golden altar of the Shining One.
  1764 | D:3      | Found a large runed translucent door.
  1764 | D:3      | Found a large runed translucent door.
  1766 | D:3      | Noticed kae's ghost (amateur DsTm)
  1773 | D:3      | Identified the +8 rapier of Doors {heavy, Str+4}
  1867 | D:3      | Reached XP level 5. HP: 25/33 MP: 6/8
  2952 | D:1      | Bought a scroll of blinking for 90 gold pieces
  3231 | D:4      | Found a sacrificial altar of Ru.
  3250 | D:4      | Found a radiant altar of Vehumet.
  3435 | D:4      | Found Paoprauq's Book Shoppe.
  3534 | D:4      | Reached XP level 6. HP: 38/38 MP: 4/9
  3755 | D:3      | Became a worshipper of the Shining One
  3905 | D:4      | Reached skill level 5 in Transmutations
  3913 | D:4      | Reached XP level 7. HP: 24/43 MP: 5/10
  4222 | D:4      | Reached skill level 5 in Ice Magic
  4535 | D:5      | Entered Level 5 of the Dungeon
  4540 | D:5      | Noticed Ijyb
  4551 | D:5      | Killed Ijyb
  4581 | D:5      | Noticed Edmund
  4724 | D:5      | Reached XP level 8. HP: 48/48 MP: 7/12
  4728 | D:5      | Learned a level 3 spell: Frozen Ramparts
  4748 | D:5      | Killed Edmund
  5031 | D:5      | Found a shadowy altar of Dithmenos.
  5241 | D:5      | Noticed Blork the orc
  5249 | D:5      | Killed Blork the orc
  5484 | D:6      | Found a staircase to the Ecumenical Temple.
  5497 | Temple   | Entered the Ecumenical Temple
  5761 | D:6      | Reached skill level 1 in Air Magic
  5761 | D:6      | Reached skill level 1 in Invocations
  5863 | D:6      | Noticed a yak
  5864 | D:6      | Noticed a yak
  5864 | D:6      | Noticed a yak
  5865 | D:6      | Noticed a yak
  5865 | D:6      | Reached * piety under the Shining One
  5875 | D:6      | Killed a yak
  5876 | D:6      | Reached XP level 9. HP: 52/53 MP: 9/14
  5978 | D:6      | Reached skill level 5 in Unarmed Combat
  6656 | D:7      | Identified the +9 falchion of Doubt {venom, SInv}
  6737 | D:7      | Found Qugic's General Store.
  7046 | D:7      | Found a glowing silver altar of Zin.
  7047 | D:7      | Found a basalt altar of Yredelemnul.
  7051 | D:7      | Found a sparkling altar of Nemelex Xobeh.
  7056 | D:7      | Reached skill level 1 in Conjurations
  7078 | D:7      | Found an opulent altar of Gozag.
  7398 | D:8      | Reached XP level 10. HP: 55/55 MP: 2/16
  7615 | D:8      | Noticed Grum
  7626 | D:8      | Killed Grum
  7834 | D:8      | Found a staircase to the Lair.
  8194 | D:8      | Learned a level 5 spell: Freezing Cloud
  8234 | D:8      | Reached ** piety under the Shining One
  8308 | D:8      | Found a shimmering altar of Xom.
  8308 | D:8      | Found a hazy altar of Hepliaklqana.
  8316 | D:8      | Found a broken altar of Ashenzari.
  8318 | D:8      | Found a snail-covered altar of Cheibriados.
  8320 | D:8      | Found a bloodstained altar of Trog.
  8390 | D:9      | Found a stormy altar of Qazlal.
  8482 | D:9      | Found a staircase to the Orcish Mines.
  8932 | D:9      | Found an ornate altar of the Wu Jian Council.
  9111 | Lair:1   | Entered Level 1 of the Lair of Beasts
  9127 | Lair:1   | Reached skill level 5 in Air Magic
  9129 | Lair:1   | Noticed a cane toad
  9140 | Lair:1   | Killed a cane toad
  9165 | Lair:1   | Reached XP level 11. HP: 52/67 MP: 10/17
  9488 | Lair:1   | Found a white marble altar of Elyvilon.
  9661 | Lair:1   | Noticed a death yak
  9661 | Lair:1   | Noticed a death yak
  9661 | Lair:1   | Noticed a death yak
  9661 | Lair:1   | Reached *** piety under the Shining One
  9661 | Lair:1   | Noticed a death yak
  9661 | Lair:1   | Noticed a death yak
  9661 | Lair:1   | Noticed a death yak
  9682 | Lair:1   | Slain by a death yak

Illustrated notes

Levels and vault maps discovered:
D:1:      dpeg_arrival_more_subterranean_lakeside_camping, layout_loops_ring,
          serial_shops, shop, nicolae_kite_square_tiling_tiny
D:2:      layout_basic, uniq_terence
D:3:      layout_loops_ring, nicolae_overflow_hidden_temple,
          ebering_ghost_disaster_area, roderic_lattice_a, minmay_unequal
D:4:      cheibrodos_barr_body, layout_cave_pods,
          mainiacjoe_overflow_small_starburst, fiery_altar_vehumet,
          serial_shops, shop, minmay_misc_feat_enclosed,
          hangedman_feature_mirror, minmay_starry_boxes
D:5:      layout_rooms, nicolae_overflow_crystal_walls, uniq_blork_the_orc,
          uniq_edmund, uniq_ijyb
D:6:      layout_rooms, minmay_temple_entry_trees
D:7:      layout_loops_ring, grunt_temple_overflow_cloverleaf, serial_shops,
          nicolae_lakefront_shop, hangedman_abyss_or_decor_stagger
D:8:      layout_loops_ring, chequers_temple_overflow_minitemple,
          lair_entry_dummy, uniq_grum
D:9:      layout_rooms, grunt_qazlal_sundering, mainiacjoe_overflow_alcove_1,
          minmay_misc_feat_columns, water_maze_lemuel
Temple:   hellmonk_temple_beads
Lair:1:   layout_roguey, basic_altar, infiniplex_staircase_pool_2

Skill      XL: |  1  2  3  4  5  6  7  8  9 10 11 |
---------------+----------------------------------+-----
Ice Magic      | 1 2 3 4 5 6 7 8 |  8.0
Transmutations | 3 4 5 6 7 8 |  8.0
Spellcasting   | 3 4 |  4.0
Unarmed Combat | 4 5 7 |  7.4
Air Magic      | 1 3 6 7 |  7.0
Invocations    | 1 3 4 |  4.6
Conjurations   | 1 4 |  4.9
Fighting       | 3 |  3.9
Dodging        | |  2.0

Action                     |  1- 3 |  4- 6 |  7- 9 | 10-12 || total
---------------------------+-------+-------+-------+-------++-------
  Melee: Unarmed           |    81 |   158 |   165 |   147 ||   551
         Constrict         |    21 |    22 |     2 |       ||    45
         Tentacles         |    17 |    26 |       |       ||    43
         Kick              |    18 |    21 |       |       ||    39
         Punch             |     5 |     2 |     3 |       ||    10
         Staff             |       |       |    31 |       ||    31
   Cast: Beastly Appendage |    18 |    11 |       |       ||    29
         Wereblood         |     1 |     4 |     7 |    11 ||    23
         Ice Form          |       |     7 |    24 |    14 ||    45
         Frozen Ramparts   |       |       |     9 |    14 ||    23
 Invoke: Divine Shield     |       |       |       |     1 ||     1
    Use: Potion            |     1 |       |     1 |     1 ||     3
         Scroll            |       |       |    13 |     4 ||    17
   Stab: Sleeping          |     5 |     3 |       |       ||     8
 Armour: Skin              |    13 |    25 |    81 |    40 ||   159
  Dodge: Dodged            |    41 |    77 |    72 |    55 ||   245
  Block: Other             |       |       |       |     2 ||     2

Table legend: (Time is in decaauts)
 A = Elapsed time spent in this place.
 B = Non-inter-level travel time spent in this place.
 C = Inter-level travel time spent in this place.
 D = Time resting spent in this place.
 E = Time spent auto-exploring this place.
 F = Levels seen in this place.
 G = Mean time per level.
                   A        B        C        D        E       F      G
               +--------+--------+--------+--------+--------+-----+--------+
         Total |   9643 |   8934 |    709 |    211 |   7211 |  11 |  876.6 |
       Dungeon |   8951 |   8255 |    696 |    211 |   6680 |   9 |  994.6 |
        Temple |    134 |    122 |     12 |      0 |    114 |   1 |  134.0 |
          Lair |    557 |    557 |      0 |      0 |    417 |   1 |  557.0 |
               +--------+--------+--------+--------+--------+-----+--------+

Top non-repeatable levels by time:
     D:4: 1390 daAuts
     D:3: 1242 daAuts
     D:8: 1120 daAuts
     D:2: 1079 daAuts
     D:7: 1037 daAuts
     D:5: 911 daAuts
     D:1: 810 daAuts
     D:9: 702 daAuts
     D:6: 654 daAuts
  Lair:1: 557 daAuts
  Temple: 134 daAuts
